 Dungeon Crawl Stone Soup version 0.31-a0-986-g5e6e4ef867 (webtiles) character file.

Game seed: 15488025129028098288

329 domi the Jinx (level 6, -3/41 HPs)
             Began as a Vampire Enchanter on Nov 18, 2023.
             Shot with an arrow by a centaur (10 damage)
             ... on level 4 of the Dungeon.
             The game lasted 00:06:29 (2529 turns).

domi the Jinx (Vampire Enchanter)                   Turns: 2529, Time: 00:06:30

Health: -3/41      AC:  3    Str:  7    XL:     6   Next: 25%
Magic:  1/9        EV: 12    Int: 20    God:
Gold:   271        SH:  0    Dex: 14    Spells: 1/9 levels left

rFire   . . .        a - +1 dagger
rCold   . . .        (no shield)
rNeg    . . .        b - +0 robe
rPois   .            (no helmet)
rElec   .            (no cloak)
rCorr   .            m - +0 pair of gloves
SInv    +            (no boots)
Will    .....        (no amulet)
Stlth   +++          (no ring)
HPRegen 0.46/turn    (no ring)
MPRegen 0.11/turn

%: no passive effects
@: healing quickly
A: alive, fangs 3, see invisible, vampiric 2
a: Exsanguinate


You were on level 4 of the Dungeon.
You visited 1 branch of the dungeon, and saw 4 of its levels.

You collected 271 gold pieces.

Inventory:

Hand Weapons
 a - a +1 dagger (weapon)
Armour
 b - a +0 robe (worn)
 m - a +0 pair of gloves (worn)
   (You found it on level 3 of the Dungeon)
Magical Staves
 l - a staff of death {rN+}
   (You found it on level 3 of the Dungeon)
Wands
 k - a wand of iceblast (5)
   (You found it on level 2 of the Dungeon)
Scrolls
 c - 2 scrolls of revelation {unknown}
 e - 7 scrolls of fog {unknown}
 f - 6 scrolls of identify {unknown}
 h - a scroll of amnesia {unknown}
 n - a scroll of blinking {unknown}
 o - a scroll of enchant weapon {unknown}
Potions
 g - a potion of mutation {unknown}
 j - a potion of heal wounds {@q2}
 p - a potion of degeneration {unknown}


   Skills:
 - Level 1.1 Short Blades
 - Level 2.1 Dodging
 - Level 4.4 Stealth
 - Level 2.0 Spellcasting
 + Level 8.2 Hexes
 + Level 4.0 Ice Magic


You had one spell level left.
You knew the following spells:

 Your Spells              Type           Power      Damage    Failure   Level
x - Tukima's Dance        Hex            34%        N/A       1%          3
z - Ensorcelled Hibernat  Hex/Ice        52%        N/A       1%          2
Z - Confusing Touch       Hex            34%        N/A       1%          3

Your spell library contained the following spells:

 Spells                   Type           Power      Damage    Failure   Level
 Necrotise                Necr           8%         1d4       16%         1
 Dazzling Flash           Conj/Hex       36%        N/A       9%          3
 Frozen Ramparts          Ice            36%        1d6       9%          3
 Metabolic Englaciation   Hex/Ice        13%        N/A       34%         5
 Ignite Poison            Fire/Tmut/Pois 2%         N/A       43%         3
 Vampiric Draining        Necr           2%         2d6       43%         3
 Petrify                  Tmut/Erth      2%         N/A       83%         4
 Sticky Flame             Conj/Fire      2%         2d3       83%         4
 Agony                    Necr           2%         N/A       99%         5
 Malign Gateway           Summ/Tloc      1%         N/A       100%        7
 Ignition                 Fire           1%         3d3       100%        8
 Summon Horrible Things   Summ           1%         N/A       100%        8


Dungeon Overview and Level Annotations

Branches:
Dungeon (4/15)
 Temple: D:4-7

Altars:


Innate Abilities, Weirdness & Mutations

Your natural rate of healing is accelerated.
You have razor-sharp teeth.
You have supernaturally acute eyesight. (SInv)
You are afflicted with vampirism and can become a bat while bloodless.


Message History

* * * LOW HITPOINT WARNING * * *
You are poisoned.
The scorpion poisons you!
Okay, then.
You don't know that spell.
Unknown command.
You hit the scorpion.
* * * LOW HITPOINT WARNING * * *
You feel very sick. The scorpion barely misses you.
You feel better. The scorpion barely misses you.
You hit the scorpion but do no damage. You bite the scorpion.
The scorpion stings you.
You hit the scorpion.
You kill the scorpion!
Your Hexes skill increases to level 8!
Your Ice Magic skill increases to level 4!
You have reached level 6!
You puncture the kobold!
You kill the kobold!
There is an open door, spattered with blood here.
Items here: ( ) ††.
You feel a little less mighty now.
There is an open door, spattered with blood here.
Items here: ( ) ††.
As you open the door, it creaks loudly!
A centaur, an orc, a hobgoblin and a quokka come into view.
The orc shouts!
The hobgoblin shouts!
The centaur shouts!
You hear a shout!
There are monsters nearby!
There are monsters nearby!
There are monsters nearby!
You hit the quokka but do no damage. Your bite misses the quokka.
The quokka barely misses you.
You barely miss the quokka. The quokka closely misses you.
The quokka completely misses you.
You closely miss the quokka.
The quokka bites you but does no damage.
An orc comes into view. It is wielding a +0 war axe.
You closely miss the quokka. The quokka closely misses you.
You closely miss the quokka. The quokka barely misses you.
You completely miss the quokka. You hit the centaur but do no damage.
The centaur hits you. The centaur completely misses you.
Press: ? - help, Shift-Dir - straight line, f - centaur
Aim: a centaur (chance to affect: 57%)
The centaur resists with significant effort.
The centaur barely misses you. The centaur closely misses you.
Press: ? - help, Shift-Dir - straight line, f/p - centaur
Aim: a centaur (chance to affect: 57%)
The centaur resists with significant effort.
The centaur hits you. The centaur closely misses you.
The centaur barely misses you. x2; The orc hits you with a +0 war axe!
The centaur attacks as it pursues you! The centaur misses you.
The centaur closely misses you.
The centaur wields a +0 orcbow.
The centaur shoots an arrow.
The arrow hits you!
The centaur shoots an arrow.
The arrow misses you.
The centaur shoots an arrow.
The arrow hits you!
* * * LOW HITPOINT WARNING * * *
You feel better. The orc barely misses you.
It was a potion of heal wounds.
You feel much better. The orc hits you with a +0 war axe.
You hit the orc.
Press: ? - help, Shift-Dir - straight line, f/p - centaur
Aim: a centaur, wielding a +0 orcbow (chance to affect: 57%)
The orc looks drowsy...
The helpless orc fails to defend itself.
You impale the orc!!
You kill the orc!
The centaur shoots an arrow.
The arrow barely misses you.
Press: ? - help, Shift-Dir - straight line, f/p - centaur
Aim: a centaur, wielding a +0 orcbow (chance to affect: 57%)
The quokka looks drowsy...
The helpless quokka fails to defend itself.
You puncture the quokka!
You kill the quokka!
Press: ? - help, Shift-Dir - straight line, f/p - centaur
Aim: a centaur, wielding a +0 orcbow (chance to affect: 57%)
The hobgoblin struggles to resist.
The hobgoblin hits you but does no damage.
You don't have enough magic to cast this spell.
Okay, then.
The hobgoblin attacks as it pursues you!
The hobgoblin hits you.
The hobgoblin attacks as it pursues you!
The hobgoblin hits you.
Press: ? - help, Shift-Dir - straight line, p - centaur
Okay, then.
Press: ? - help, Shift-Dir - straight line, p - centaur The mass of ice explodes!
The iceblast engulfs the centaur!
The iceblast engulfs the hobgoblin!
You kill the hobgoblin!
You hear a shout!
The centaur shoots an arrow.
The arrow hits you!!
The centaur shoots an arrow.
The arrow hits you!
* * * LOW HITPOINT WARNING * * *
Press: ? - help, Shift-Dir - straight line The mass of ice explodes!
The iceblast engulfs the centaur!
The centaur shoots an arrow.
The arrow hits you!
You die...

##. ............ ... ..#
........... ... ###.#
#####....... ... #./#.#
#...........
#.##...#.#####.......####
#.#ro.##............##~~~ .
+#.#'g##............##~~..
...###...###............##~~...
.......8.)oc..@........##~~....
..###...###.........)##~~.....
+#.#).##.........#~~......
#.#..†##........#~.......
##.##...#........#~......#
##...##.)#......#.'........
###.....####......#.'........
...................###~......#
######.............# #~.......


You could see a centaur and an orc.

Vanquished Creatures
  A scorpion (D:4)
  A hound (D:4)
  2 orc priests (D:3)
  2 orc wizards (D:3)
  4 gnolls (D:3)
  3 adders
  3 dart slugs (D:2)
  3 orcs
  4 ball pythons
  3 bats
  4 endoplasms
  2 giant cockroaches
  6 goblins
  7 hobgoblins
  4 quokkas
  4 frilled lizards
  8 kobolds
  5 rats
66 creatures vanquished.

Vanquished Creatures (others)
  An orc (D:3)
  A kobold (D:3)
2 creatures vanquished.

Grand Total: 68 creatures vanquished

Notes
Turn   | Place    | Note
-------+----------+-------------------------------------------
     0 | D:1      | domi the Vampire Enchanter began the quest for the Orb.
     0 | D:1      | Reached XP level 1. HP: 13/13 MP: 3/3
   122 | D:1      | Reached skill level 5 in Hexes
   161 | D:1      | Reached XP level 2. HP: 19/19 MP: 5/5
   202 | D:1      | Learned a level 2 spell: Ensorcelled Hibernation
   732 | D:2      | Reached skill level 1 in Ice Magic
   763 | D:2      | Gained mutation: You are afflicted with vampirism and can
                  | become a bat while bloodless. [Vampire growth]
   763 | D:2      | Reached XP level 3. HP: 23/24 MP: 3/6
   777 | D:2      | Learned a level 3 spell: Confusing Touch
   848 | D:2      | HP: 6/24 [constriction (1)]
   861 | D:2      | HP: 6/24 [orc/+0 trident (4)]
  1206 | D:2      | Reached skill level 6 in Hexes
  1443 | D:3      | HP: 4/24 [gnoll/+0 flail (7)]
  1449 | D:3      | Reached skill level 2 in Ice Magic
  1449 | D:3      | Reached XP level 4. HP: 8/30 MP: 1/7
  1611 | D:3      | HP: 7/30 [orc wizard/puff of flame (5)]
  1613 | D:3      | Reached skill level 7 in Hexes
  1613 | D:3      | Reached XP level 5. HP: 9/35 MP: 6/8
  1614 | D:3      | Reached skill level 3 in Ice Magic
  2266 | D:4      | Learned a level 3 spell: Tukima's Dance
  2417 | D:4      | HP: 6/35 [scorpion (5)]
  2425 | D:4      | HP: 6/35 [poisoned by a scorpion]
  2429 | D:4      | Reached skill level 8 in Hexes
  2429 | D:4      | Reached skill level 4 in Ice Magic
  2429 | D:4      | Reached XP level 6. HP: 16/41 MP: 1/9
  2515 | D:4      | HP: 2/41 [centaur/arrow (14)]
  2528 | D:4      | HP: 7/41 [centaur/arrow (13)]
  2529 | D:4      | Shot with an arrow by a centaur

Illustrated notes

Levels and vault maps discovered:
D:1:      minmay_arrival_semitransparent, layout_loops_ring
D:2:      layout_rooms
D:3:      layout_basic, dk_noncrumbling_3, minmay_cut_off
D:4:      cheibrodos_barr_body, layout_basic, kennysheep_cross_room

Skill      XL: |  1  2  3  4  5 |
---------------+----------------+-----
Hexes          | 5 6 7 8 |  8.2
Ice Magic      | 1 2 4 |  4.0
Short Blades   | |  1.1
Dodging        | |  2.1
Stealth        | |  4.4
Spellcasting   | |  2.0

Action                     |  1- 3 |  4- 6 || total
---------------------------+-------+-------++-------
  Melee: Dagger            |    92 |    60 ||   152
         Bite              |     5 |     4 ||     9
   Cast: Ensorcelled Hiber |    19 |    23 ||    42
  Evoke: Wand              |       |     6 ||     6
    Use: Potion            |     1 |     7 ||     8
   Stab: Sleeping          |    27 |    18 ||    45
         Invisible         |       |     1 ||     1
 Armour: Robe              |    55 |    48 ||   103
  Dodge: Dodged            |    38 |    39 ||    77

Table legend: (Time is in decaauts)
 A = Elapsed time spent in this place.
 B = Non-inter-level travel time spent in this place.
 C = Inter-level travel time spent in this place.
 D = Time resting spent in this place.
 E = Time spent auto-exploring this place.
 F = Levels seen in this place.
 G = Mean time per level.
                   A        B        C        D        E       F      G
               +--------+--------+--------+--------+--------+-----+--------+
         Total |   2518 |   2437 |     81 |    153 |   1798 |   4 |  629.5 |
       Dungeon |   2518 |   2437 |     81 |    153 |   1798 |   4 |  629.5 |
               +--------+--------+--------+--------+--------+-----+--------+

Top non-repeatable levels by time:
     D:3: 847 daAuts
     D:1: 726 daAuts
     D:2: 598 daAuts
     D:4: 346 daAuts

Levels and vault maps discovered:
D:1:      minmay_arrival_semitransparent, layout_loops_ring
D:2:      layout_rooms
D:3:      layout_basic, dk_noncrumbling_3, minmay_cut_off
D:4:      cheibrodos_barr_body, layout_basic, kennysheep_cross_room

Table legend: (Time is in decaauts)
 A = Elapsed time spent in this place.
 B = Non-inter-level travel time spent in this place.
 C = Inter-level travel time spent in this place.
 D = Time resting spent in this place.
 E = Time spent auto-exploring this place.
 F = Levels seen in this place.
 G = Mean time per level.
                   A        B        C        D        E       F      G
               +--------+--------+--------+--------+--------+-----+--------+
         Total |   2518 |   2437 |     81 |    153 |   1798 |   4 |  629.5 |
       Dungeon |   2518 |   2437 |     81 |    153 |   1798 |   4 |  629.5 |
               +--------+--------+--------+--------+--------+-----+--------+

Top non-repeatable levels by time:
     D:3: 847 daAuts
     D:1: 726 daAuts
     D:2: 598 daAuts
     D:4: 346 daAuts

Table legend:
 A = Kills in this place as a percentage of kills in the entire game.
 B = Kills by you in this place as a percentage of kills by you in the entire game.
 C = Kills by friends in this place as a percentage of kills by friends in the entire game.
 D = Other kills in this place as a percentage of other kills in the entire game.
 E = Experience gained in this place as a percentage of experience gained in the entire game.
 F = Experience gained in this place divided by the number of levels of this place that you have seen.
                   A       B       C       D       E      F
               +-------+-------+-------+-------+-------+----------------------
         Total | 100.0 | 100.0 |   N/A |   N/A | 100.0 | 117.5
       Dungeon | 100.0 | 100.0 |   N/A |   N/A | 100.0 | 117.5
               +-------+-------+-------+-------+-------+----------------------
